 Dungeon Crawl Stone Soup version 0.29.1-1-gd02db6906a (webtiles) character file.

Game seed: 1641571367024826208

116 Sabo the Gusty (level 5, -1/32 HPs)
             Began as an Octopode Air Elementalist on Oct 11, 2022.
             Was a Follower of the Shining One.
             Slain by an orc
             ... wielding a +0 flail
              (9 damage)
             ... on level 3 of the Dungeon.
             The game lasted 00:21:00 (3613 turns).

Sabo the Gusty (Octopode Air Elementalist)          Turns: 3613, Time: 00:21:00

Health: -1/32      AC:  1    Str:  8    XL:     5   Next: 0%
Magic:  1/9        EV: 13    Int: 19    God:    the Shining One [*.....]
Gold:   28         SH:  0    Dex: 12    Spells: 8/9 levels left

rFire   . . .      SeeInvis .   d - +0 morningstar
rCold   . . .      Faith    .   (no shield)
rNeg    . . .      Spirit   .   (helmet restricted)
rPois   .          Reflect  .   (no amulet)
rElec   .          Harm     .   (no ring)
rCorr   .          Rampage  .   (no ring)
Will    .....                   (no ring)
Stlth   ++........              (no ring)
HPRegen 0.10/turn               (no ring)
MPRegen 0.11/turn               (no ring)
                                (no ring)
                                (no ring)

@: glowing
A: almost no armour, amphibious, 8 rings, camouflage 1, gelatinous body 1,
(nimble swimmer 1), tentacles
a: Renounce Religion, Divine Shield


You were on level 3 of the Dungeon.
You worshipped the Shining One.
The Shining One was aware of your devotion.
You visited 1 branch of the dungeon, and saw 3 of its levels.

You collected 84 gold pieces.
You spent 56 gold pieces at shops.

Inventory:

Hand Weapons
 d - a +0 morningstar (weapon)
Missiles
 g - 7 poisoned darts (quivered)
Scrolls
 c - 3 scrolls of fear
 i - a scroll of silence {unknown}
 j - a scroll of immolation {unknown}
 l - a scroll of butterflies
Potions
 a - a potion of magic
 b - a potion of might
 e - 2 potions of mutation {unknown}
 f - 2 potions of curing
 h - a potion of cancellation {unknown}
 k - a potion of attraction {unknown}


   Skills:
 + Level 0.6 Fighting
 + Level 0.4 Short Blades
 + Level 2.3 Dodging
 + Level 3.0 Stealth
 + Level 2.9 Spellcasting
 + Level 1.6 Conjurations
 + Level 4.1 Air Magic


You had 8 spell levels left.
You knew the following spells:

 Your Spells              Type           Power      Damage    Failure   Level
a - Shock                 Conj/Air       52%        1d6       4%          1

Your spell library contained the following spells:

 Spells                   Type           Power      Damage    Failure   Level
 Static Discharge         Conj/Air       13%        3-5/arc   7%          2
 Swiftness                Air            18%        N/A       9%          3
 Summon Small Mammal      Summ           8%         N/A       16%         1
 Airstrike                Air            9%         2d(2-18)  28%         4
 Call Canine Familiar     Summ           2%         N/A       43%         3
 Summon Guardian Golem    Hex/Summ       2%         N/A       43%         3


Dungeon Overview and Level Annotations

Branches:
Dungeon (3/15)

Altars:
The Shining One

Shops:
D:1 ?   D:2 !


Innate Abilities, Weirdness & Mutations

You cannot wear most types of armour.
You are amphibious.
You can wear up to eight rings at the same time.
Your skin changes colour to match your surroundings (Stealth+).
Your rubbery body absorbs attacks. (AC +1, EV +1)
((You are camouflaged when in or above water. (Stealth+)))
You have tentacles for arms and can constrict up to eight enemies at once.


Message History

The zap hits the orc.
The orc is almost dead.
Casting: Shock (safe; 4% risk of failure)
Confirm with . or Enter, or press ? or * to list all spells.
Aiming: Shock (safe; 4% risk of failure)
Press: ? - help, Shift-Dir - straight line, f/p - orc
Aim: an orc, wielding a +0 flail (almost dead, 68% to hit)
The zap misses the orc.
Casting: Shock (safe; 4% risk of failure)
Confirm with . or Enter, or press ? or * to list all spells.
Aiming: Shock (safe; 4% risk of failure)
Press: ? - help, Shift-Dir - straight line, f/p - orc
Aim: an orc, wielding a +0 flail (almost dead, 68% to hit)
The zap misses the orc.
Casting: Shock (safe; 4% risk of failure)
Confirm with . or Enter, or press ? or * to list all spells.
Aiming: Shock (safe; 4% risk of failure)
Press: ? - help, Shift-Dir - straight line, f/p - orc
Aim: an orc, wielding a +0 flail (almost dead, 68% to hit)
The zap misses the orc.
A dart slug comes into view.
The dart slug moves out of view.
You puncture the orc wizard! Your grab misses the orc wizard.
The orc wizard is heavily wounded.
The orc wizard barely misses you. The orc hits you with a +0 whip.
The orc hits you with a +0 flail!
The orc wizard points at you and mumbles some strange words.
The puff of flame misses you.
You barely miss the orc wizard. You grab the orc wizard.
The orc wizard is heavily wounded.
You constrict the orc wizard.
The orc wizard points at you and mumbles some strange words.
The puff of flame hits you!
* * * LOW HITPOINT WARNING * * *
The orc closely misses you. x2
You hit the orc wizard.
The orc wizard is severely wounded.
You constrict the orc wizard. The orc wizard closely misses you.
The orc hits you with a +0 flail!
You die...

#.# #.# #.. #.# ..# #.##
..# .).# #.# .).# #####.#
# ...## ...#.# #####.#
....# #.#.##..!?... #.#.##
#..@o#....... #.#..###
###>oo........ #.##...####
#...##........
...###....#####.###)......
.8...####.......# .......
...###....####### .......
#.##...#### ..<...o
#.#..### K.$.... ###.##
.......


You could see an orc wizard and 2 orcs.

Vanquished Creatures
  3 gnolls (D:2)
  2 adders (D:2)
  2 worms
  A dart slug (D:2)
  2 orcs (D:3)
  5 endoplasms
  9 giant cockroaches
  4 goblins
  4 hobgoblins
  3 jackals (D:1)
  2 quokkas
  2 ball pythons (D:1)
  A bat (D:2)
  3 frilled lizards
  7 kobolds
  12 rats
62 creatures vanquished.

Vanquished Creatures (others)
  2 plants (D:1)
2 creatures vanquished.

Grand Total: 64 creatures vanquished

Notes
Turn   | Place    | Note
-------+----------+-------------------------------------------
     0 | D:1      | Sabo the Octopode Air Elementalist began the quest for the
                  | Orb.
     0 | D:1      | Reached XP level 1. HP: 11/11 MP: 3/3
     1 | D:1      | Found a runed translucent door.
   150 | D:1      | Found a faded altar of an unknown god.
   153 | D:1      | Prayed at the altar of an unknown god.
   153 | D:1      | Became a worshipper of the Shining One
   153 | D:1      | Reached * piety under the Shining One
   314 | D:1      | Reached XP level 2. HP: 17/17 MP: 3/5
   740 | D:1      | Found Gemnogaz's Magic Scroll Boutique.
   745 | D:1      | Bought a scroll of identify for 26 gold pieces
  1388 | D:1      | Reached XP level 3. HP: 14/21 MP: 1/6
  1987 | D:2      | Found Fonakken's Distillery.
  2053 | D:2      | Bought a potion of curing for 30 gold pieces
  2088 | D:2      | Reached XP level 4. HP: 27/27 MP: 5/7
  2454 | D:2      | Reached skill level 4 in Air Magic
  3606 | D:3      | Reached XP level 5. HP: 32/32 MP: 4/9
  3613 | D:3      | Slain by an orc

Illustrated notes

Levels and vault maps discovered:
D:1:      dpeg_arrival_caged_fury, layout_loops_cross, serial_shops, shop,
          hellmonk_ecumenical_altar_heavens_door, serial_forest,
          infiniplex_forest_straight_2, infiniplex_forest_clump_long,
          infiniplex_forest_clump_double, infiniplex_forest_lined_room_3,
          infiniplex_forest_straight_2, infiniplex_forest_zigzag_2,
          infiniplex_forest_straight_1, infiniplex_forest_lined_room_3,
          infiniplex_forest_zigzag_1, infiniplex_forest_lined_corner,
          minmay_misc_feat_tiny, minmay_quantized
D:2:      layout_rooms, serial_shops, nicolae_shop_trees
D:3:      minmay_general_purpose_star, layout_rooms, serial_shops, shop

Skill      XL: |  1  2  3  4 |
---------------+-------------+-----
Stealth        | 3 |  3.0
Air Magic      | 4 |  4.1
Fighting       | |  0.6
Short Blades   | |  0.4
Dodging        | |  2.3
Spellcasting   | |  2.9
Conjurations   | |  1.6

Action                   |  1- 3 |  4- 6 || total
-------------------------+-------+-------++-------
Melee: Short sword       |    31 |       ||    31
       Constrict         |    11 |     3 ||    14
       Tentacles         |    12 |     1 ||    13
       Spear             |     2 |       ||     2
       Morningstar       |       |     7 ||     7
       Halberd           |       |     4 ||     4
Throw: Dart              |     1 |       ||     1
 Cast: Shock             |    42 |    52 ||    94
  Use: Scroll            |     4 |     2 ||     6
Armor: Skin              |     2 |       ||     2
Dodge: Dodged            |    13 |     9 ||    22
